 Dungeon Crawl Stone Soup version 0.23.2-1-ga50397a (webtiles) character file.

Game seed: 15384124890057206165

44 Fang the Skirmisher (level 3, -4/36 HPs)
             Began as a Gargoyle Berserker on Apr 16, 2019.
             Was a Follower of Trog.
             Slain by a gnoll
             ... wielding a +2 flail of protection
              (8 damage)
             ... on level 2 of the Dungeon.
             The game lasted 00:01:37 (1147 turns).

Fang the Skirmisher (Gargoyle Berserker)            Turns: 1147, Time: 00:01:38

Health: -4/36      AC:  5    Str: 26    XL:     3   Next: 62%
Magic:  3/3        EV: 12    Int:  7    God:    Trog [*.....]
Gold:   95         SH:  0    Dex:  9    Spells: 2/2 levels left

rFire    . . .     SeeInvis .   a - +0 hand axe
rCold    . . .     Gourm    .   (no shield)
rNeg     + . .     Faith    .   b - +0 animal skin
rPois    ∞         Spirit   .   (no helmet)
rElec    +         Reflect  .   (no cloak)
rCorr    .         Harm     .   (no gloves)
MR       .....                  (no boots)
Stlth    ..........             (no amulet)
HPRegen  0.12/turn              (no ring)
MPRegen  0.08/turn              (no ring)

@: berserking, very quick
A: negative energy resistance 1, electricity resistance, unbreathing,
petrification resistance, rot immunity, AC +3
a: Berserk, Renounce Religion


You were on level 2 of the Dungeon.
You worshipped Trog.
Trog was aware of your devotion.
You were hungry.

You visited 1 branch of the dungeon, and saw 2 of its levels.

You collected 95 gold pieces.

Inventory:

Hand Weapons
 a - a +0 hand axe (weapon)
Armour
 b - a +0 animal skin (worn)
Wands
 i - a wand of flame (9)
Scrolls
 e - 2 scrolls of identify {unknown}
 f - 3 scrolls of teleportation {unknown}
 g - a scroll of remove curse {unknown}
 j - a scroll of enchant armour {unknown}
 k - a scroll of enchant weapon {unknown}
 m - a scroll of random uselessness {unknown}
Potions
 h - 2 potions of flight {unknown}
 l - 2 potions of curing {unknown}
Comestibles
 c - 5 rations
 d - a chunk of flesh


   Skills:
 + Level 3.7 Fighting
 + Level 3.1 Axes
 + Level 2.9 Armour
 + Level 2.0 Dodging


You had 2 spell levels left.
You didn't know any spells.
Your spell library was empty.

Dungeon Overview and Level Annotations

Branches:
Dungeon (2/15)

Altars:
Elyvilon
Zin
The Shining One


Innate Abilities, Weirdness & Mutations

You are resistant to torment.
Your stone body is resilient. (AC +3)
You are immune to poison.
You resist negative energy. (rN+)
You are resistant to electric shocks. (rElec)
You can survive without breathing.
You are immune to petrification.
You are immune to rotting.


Message History

You are feeling hungry.
The gnoll barely misses you. The gnoll hits you but does no damage.
The gnoll closely misses you.
You feel a strong urge to attack something.
A gnoll comes into view. It is wielding a +0 flail.
The gnoll shouts!
The gnoll hits you with a +2 flail of protection.
The gnoll hits you from afar with a +0 spear.
The gnoll misses you.
The gnoll moves out of view.
You barely miss the gnoll.
The gnoll is moderately wounded.
You closely miss the gnoll. The gnoll barely misses you. x2
The gnoll hits you with a +0 flail.
You slash the gnoll!
The gnoll is almost dead.
You hit the gnoll.
The gnoll hits you from afar with a +0 spear!
* * * LOW HITPOINT WARNING * * *
The gnoll hits you with a +2 flail of protection!
You die...

###........### #
...........#######
#
#................#
#
#...#######......#
.. .... ##<##
##......# .###
#### ...#
......... ...! #
...# ........###.#
# ...#
.....ggg....# #
...# #@....# #
##....
#..(..######
#.#....
##....'....?
..#.... ##...#####
#.# ### #...# ###
#...## #....#
####.#### ### ##
#.##.###.###.


You could see 3 gnolls.

Vanquished Creatures
  An ooze (D:1)
  A dart slug (D:1)
  7 bats
  3 giant cockroaches (D:1)
  5 goblins
  6 hobgoblins (D:1)
  9 kobolds
  A ball python (D:2)
  A frilled lizard (D:2)
34 creatures vanquished.

Notes
Turn   | Place    | Note
-------+----------+-------------------------------------------
     0 | D:1      | Fang the Gargoyle Berserker began the quest for the Orb.
     0 | D:1      | Reached XP level 1. HP: 14/14 MP: 1/1
    16 | D:1      | Reached XP level 2. HP: 18/19 MP: 2/2
   193 | D:1      | Reached XP level 3. HP: 19/23 MP: 3/3
   702 | D:2      | Found a glowing golden altar of the Shining One.
   702 | D:2      | Found a white marble altar of Elyvilon.
   702 | D:2      | Found a glowing silver altar of Zin.
  1147 | D:2      | Slain by a gnoll

Skill      XL: |  1  2  3 |
---------------+----------+-----
Dodging        | 2 |  2.0
Axes           | 3 |  3.1
Fighting       | |  3.7
Armour         | |  2.9

Action                   || total
-------------------------++-------
Melee: Hand axe          ||   127
Invok: Berserk           ||     1
 Stab: Sleeping          ||     1
  Eat: Chunk             ||     1
Armor: Animal skin       ||    56
Dodge: Dodged            ||   110
